SAA
CASPER GHOSTS @ ST. PETERSBURG THUNDER
06/05/2042
 
TOP OF THE 1ST
Casper Ghosts batting - Pitching for St. Petersburg Thunder : LHP Bhagavan Antle
Pitching: LHP Bhagavan Antle
Batting: RHB Thinley Tshering 0-0: Ball
1-0: Called Strike
1-1: Foul Ball, location: 2F
1-2: Ground out 1-3 (Groundball, 13S, EV 74.4 MPH)
Batting: RHB Joe Havermeyer 0-0: Swinging Strike
0-1: Swinging Strike
0-2: Ball
1-2: Ground out U3 (Groundball, 34, EV 110.6 MPH)
Batting: RHB Izaak Gerkis 0-0: Called Strike
0-1: Ball
1-1: Swinging Strike
1-2: Strikes out swinging
Top of the 1st over - 0 runs, 0 hits, 0 errors, 0 left on base; Casper 0 - St. Petersburg 0
BOTTOM OF THE 1ST
St. Petersburg Thunder batting - Pitching for Casper Ghosts : LHP Bryan Workman
Pitching: LHP Bryan Workman
Batting: LHB Lorenzo Ortíz 0-0: Foul Ball, location: 2F
0-1: Called Strike
0-2: Strikes out swinging
Batting: RHB Alfred Coleman 0-0: Ball
1-0: Ball
2-0: Called Strike
2-1: Ball
3-1: Foul Ball, location: 2F
3-2: Base on Balls
Batting: RHB Gene Blanton 0-0: Called Strike
0-1: Called Strike
0-2: Ball
1-2: Foul Ball, location: 2F
1-2: SINGLE (Line Drive, 9LS, EV 106.2 MPH)
Alfred Coleman to second
Batting: LHB Caspar Fewings 0-0: Swinging Strike
0-1: Ball
1-1: Called Strike
1-2: Strikes out swinging
Batting: SHB Fernando Urby 0-0: Called Strike
0-1: Fly out, F9 (Flyball, 9, EV 84.4 MPH)
Bottom of the 1st over - 0 runs, 1 hit, 0 errors, 2 left on base; Casper 0 - St. Petersburg 0
TOP OF THE 2ND
Casper Ghosts batting - Pitching for St. Petersburg Thunder : LHP Bhagavan Antle
Batting: RHB Ramiro Castillo 0-0: Ball
1-0: Ball
2-0: Foul Ball, location: 2F
2-1: Ball
3-1: Fly out, F8 (Line Drive, 8RD, EV 102.5 MPH)
Batting: RHB Bill Wells 0-0: Foul Ball, location: 2F
0-1: Swinging Strike
0-2: Ball
1-2: Strikes out looking
Batting: RHB Bogdan Lissenberg 0-0: Fly out, F5 (Line Drive, 5, EV 72.5 MPH)
Top of the 2nd over - 0 runs, 0 hits, 0 errors, 0 left on base; Casper 0 - St. Petersburg 0
BOTTOM OF THE 2ND
St. Petersburg Thunder batting - Pitching for Casper Ghosts : LHP Bryan Workman
Batting: RHB Patrício Gerardes 0-0: Ball
1-0: Called Strike
1-1: Fly out, F7 (Flyball, 78D, EV 100.6 MPH)
Batting: SHB Leonard Davis 0-0: Swinging Strike
0-1: Called Strike
0-2: Ball
1-2: Ball
2-2: Fly out, F5 (Popup, 5, EV 59.4 MPH)
Batting: RHB Adrián Sánchez 0-0: Ball
1-0: Foul Ball, location: 2F
1-1: Called Strike
1-2: Ball
2-2: Fly out, F7 (Flyball, 7D, EV 105.6 MPH)
Bottom of the 2nd over - 0 runs, 0 hits, 0 errors, 0 left on base; Casper 0 - St. Petersburg 0
TOP OF THE 3RD
Casper Ghosts batting - Pitching for St. Petersburg Thunder : LHP Bhagavan Antle
Batting: RHB Tony Wood 0-0: Ball
1-0: Ball
2-0: Called Strike
2-1: Called Strike
2-2: Fly out, F9 (Flyball, 9S, EV 85.0 MPH)
Batting: RHB Teok-kyu Pak 0-0: Called Strike
0-1: Foul Ball, location: 2F
0-2: Ball
1-2: Strikes out swinging
Batting: LHB General Booty 0-0: Called Strike
0-1: Ball
1-1: Ball
2-1: SINGLE (Flyball, 9S, EV 87.5 MPH)
Batting: RHB Thinley Tshering 0-0: Ball
1-0: Foul Ball, location: 2F
1-1: Ball
2-1: Ball
3-1: Foul Ball, location: 2F
3-2: Base on Balls
General Booty to second
Batting: RHB Joe Havermeyer 0-0: Foul Ball, location: 2F
0-1: Fly out, F3 (Popup, 3SF, EV 73.1 MPH)
Top of the 3rd over - 0 runs, 1 hit, 0 errors, 2 left on base; Casper 0 - St. Petersburg 0
BOTTOM OF THE 3RD
St. Petersburg Thunder batting - Pitching for Casper Ghosts : LHP Bryan Workman
Batting: SHB Tekkan Hayagawa 0-0: Ball
1-0: Ground out 4-3 (Groundball, 4, EV 106.2 MPH)
Batting: LHB Lorenzo Ortíz 0-0: Ground out 6-3 (Groundball, 6S, EV 89.4 MPH)
Batting: RHB Alfred Coleman 0-0: Foul Ball, location: 2F
0-1: Swinging Strike
0-2: Ball
1-2: Ball
2-2: Ball
3-2: SINGLE (Line Drive, 4D, EV 110.6 MPH)
Batting: RHB Gene Blanton 0-0: Ball
1-0: Swinging Strike
1-1: Ball
2-1: Ball
3-1: Base on Balls
Alfred Coleman to second
Batting: LHB Caspar Fewings 0-0: Called Strike
0-1: Ball
1-1: Called Strike
1-2: Fly out, F8 (Flyball, 8LXD, EV 90.0 MPH)
Bottom of the 3rd over - 0 runs, 1 hit, 0 errors, 2 left on base; Casper 0 - St. Petersburg 0
TOP OF THE 4TH
Casper Ghosts batting - Pitching for St. Petersburg Thunder : LHP Bhagavan Antle
Batting: RHB Izaak Gerkis 0-0: Ball
1-0: Ball
2-0: SINGLE (Line Drive, 89M, EV 92.5 MPH)
Batting: RHB Ramiro Castillo 0-0: Foul Ball, location: 2F
0-1: SINGLE (Line Drive, 56D, EV 96.9 MPH)
Izaak Gerkis to second
Batting: RHB Bill Wells 0-0: 3-RUN HOME RUN (Line Drive, 89XD, EV 101.9 MPH), Distance : 421 ft
Batting: RHB Bogdan Lissenberg 0-0: Swinging Strike
0-1: Called Strike
0-2: Ball
1-2: Ball
2-2: Ball
3-2: Fly out, F7 (Flyball, 7LS, EV 91.2 MPH)
Batting: RHB Tony Wood 0-0: Ball
1-0: Ball
2-0: Foul Ball, location: 2F
2-1: Called Strike
2-2: Ball
3-2: Foul Ball, location: 2F
3-2: Foul Ball, location: 2F
3-2: Foul Ball, location: 2F
3-2: Fly out, F8 (Flyball, 8LS, EV 83.1 MPH)
Batting: RHB Teok-kyu Pak 0-0: Ball
1-0: Ball
2-0: Ball
3-0: Base on Balls
Batting: LHB General Booty 0-0: Ball
1-0: Fly out, F7 (Line Drive, 7D, EV 89.4 MPH)
Top of the 4th over - 3 runs, 3 hits, 0 errors, 1 left on base; Casper 3 - St. Petersburg 0
BOTTOM OF THE 4TH
St. Petersburg Thunder batting - Pitching for Casper Ghosts : LHP Bryan Workman
Batting: SHB Fernando Urby 0-0: Called Strike
0-1: Called Strike
0-2: Foul Ball, location: 2F
0-2: Ball
1-2: Ground out 6-3 (Groundball, 6, EV 105.0 MPH)
Batting: RHB Patrício Gerardes 0-0: Ball
1-0: Called Strike
1-1: Ball
2-1: Foul Ball, location: 2F
2-2: Fly out, F9 (Flyball, 9LMF, EV 81.9 MPH)
Batting: SHB Leonard Davis 0-0: Fly out, F5 (Popup, 5S, EV 76.2 MPH)
Bottom of the 4th over - 0 runs, 0 hits, 0 errors, 0 left on base; Casper 3 - St. Petersburg 0
TOP OF THE 5TH
Casper Ghosts batting - Pitching for St. Petersburg Thunder : LHP Bhagavan Antle
Batting: RHB Thinley Tshering 0-0: Ball
1-0: Called Strike
1-1: SINGLE (Groundball, 56, EV 103.8 MPH)
Batting: RHB Joe Havermeyer 0-0: Bunt missed!
0-1: Sac Bunt to 15S - play at first, batter safe!
Thinley Tshering to second
Batting: RHB Izaak Gerkis 0-0: Ball
1-0: Grounds into double play, 6-4-3 (Groundball, 6MS, EV 84.4 MPH)
Thinley Tshering to third
Batting: RHB Ramiro Castillo 0-0: Called Strike
0-1: Ball
1-1: Foul Ball, location: 2F
1-2: Ball
2-2: Ground out 6-3 (Groundball, 6, EV 87.5 MPH)
Top of the 5th over - 0 runs, 2 hits, 0 errors, 1 left on base; Casper 3 - St. Petersburg 0
BOTTOM OF THE 5TH
St. Petersburg Thunder batting - Pitching for Casper Ghosts : LHP Bryan Workman
Batting: RHB Adrián Sánchez 0-0: Foul Ball, location: 2F
0-1: Swinging Strike
0-2: Ball
1-2: Ground out 4-3 (Groundball, 6M, EV 108.1 MPH)
Batting: SHB Tekkan Hayagawa 0-0: Ground out 6-3 (Groundball, 6, EV 104.4 MPH)
Batting: LHB Lorenzo Ortíz 0-0: Ball
1-0: Ball
2-0: Called Strike
2-1: Ground out 1-3 (Groundball, 13, EV 86.2 MPH)
Bottom of the 5th over - 0 runs, 0 hits, 0 errors, 0 left on base; Casper 3 - St. Petersburg 0
TOP OF THE 6TH
Casper Ghosts batting - Pitching for St. Petersburg Thunder : LHP Bhagavan Antle
Batting: RHB Bill Wells 0-0: Ball
1-0: Foul Ball, location: 2F
1-1: Foul Ball, location: 2F
1-2: Ball
2-2: Ball
3-2: Strikes out swinging, 2-3 out at first.
Batting: RHB Bogdan Lissenberg 0-0: Swinging Strike
0-1: Foul Ball, location: 2F
0-2: DOUBLE (Line Drive, 9LM, EV 111.2 MPH)
Batting: RHB Tony Wood 0-0: Ball
1-0: Ground out U3 (Groundball, 34S, EV 84.4 MPH)
Bogdan Lissenberg to third
Batting: RHB Teok-kyu Pak 0-0: Called Strike
0-1: Ball
1-1: Ball
2-1: 2-RUN HOME RUN (Flyball, 7LD, EV 108.8 MPH), Distance : 335 ft
Pitching: RHP Antony Durney
Batting: LHB General Booty 0-0: Called Strike
0-1: Fly out, F7 (Flyball, 78M, EV 86.2 MPH)
Top of the 6th over - 2 runs, 2 hits, 0 errors, 0 left on base; Casper 5 - St. Petersburg 0
BOTTOM OF THE 6TH
St. Petersburg Thunder batting - Pitching for Casper Ghosts : LHP Bryan Workman
Batting: RHB Alfred Coleman 0-0: Ball
1-0: Foul Ball, location: 2F
1-1: Ball
2-1: Called Strike
2-2: SINGLE (Line Drive, 34D, EV 100.0 MPH)
Batting: RHB Gene Blanton 0-0: Grounds into double play, 4-6-3 (Groundball, 4M, EV 87.5 MPH)
Batting: LHB Caspar Fewings 0-0: Called Strike
0-1: Ball
1-1: Called Strike
1-2: Ball
2-2: Ball
3-2: Ground out 1-3 (Groundball, 34S, EV 88.8 MPH)
Bottom of the 6th over - 0 runs, 1 hit, 0 errors, 0 left on base; Casper 5 - St. Petersburg 0
TOP OF THE 7TH
Casper Ghosts batting - Pitching for St. Petersburg Thunder : RHP Antony Durney
Batting: RHB Thinley Tshering 0-0: Called Strike
0-1: Ball
1-1: Ball
2-1: Called Strike
2-2: Ball
3-2: Ground out 4-3 (Groundball, 4, EV 82.5 MPH)
Batting: RHB Joe Havermeyer 0-0: Ball
1-0: Called Strike
1-1: Foul Ball, location: 2F
1-2: Ball
2-2: Foul Ball, location: 2F
2-2: SINGLE (Line Drive, 4M, EV 98.8 MPH)
Batting: RHB Izaak Gerkis 0-0: Ball
1-0: Foul Ball, location: 2F
1-1: Ball
2-1: SINGLE (Groundball, 3D, EV 111.9 MPH)
Joe Havermeyer to second
Runner from 2nd tries for 3rd, OUT! 9-5
Batting: RHB Ramiro Castillo 0-0: Ball
1-0: Called Strike
1-1: SINGLE (Groundball, 56D, EV 97.5 MPH)
Izaak Gerkis to second
Batting: RHB Bill Wells 0-0: Ball
1-0: Called Strike
1-1: Called Strike
1-2: Ball
2-2: Ball
3-2: Base on Balls
Izaak Gerkis to third
Ramiro Castillo to second
Batting: RHB Bogdan Lissenberg 0-0: Called Strike
0-1: Swinging Strike
0-2: Strikes out swinging
Top of the 7th over - 0 runs, 3 hits, 0 errors, 3 left on base; Casper 5 - St. Petersburg 0
BOTTOM OF THE 7TH
St. Petersburg Thunder batting - Pitching for Casper Ghosts : LHP Bryan Workman
Batting: SHB Fernando Urby 0-0: SINGLE (Line Drive, 9LS, EV 90.0 MPH)
Batting: RHB Patrício Gerardes 0-0: Foul Ball, location: 2F
0-1: Foul Ball, location: 2F
0-2: Foul Ball, location: 2F
0-2: SINGLE (Flyball, 8RS, EV 96.2 MPH)
Fernando Urby to second
Batting: SHB Leonard Davis 0-0: Ball
1-0: Called Strike
1-1: Ball
2-1: Swinging Strike
2-2: Ground out 5-3 (Groundball, 56S, EV 68.1 MPH)
Fernando Urby to third
Patrício Gerardes to second
Batting: RHB Adrián Sánchez 0-0: Fly out, F8 (Flyball, 8LM, EV 96.9 MPH)
Runner from 3rd tags up, SCORES, throw by CF
Batting: SHB Tekkan Hayagawa 0-0: Foul Ball, location: 2F
0-1: Foul Ball, location: 2F
0-2: Ground out 6-3 (Groundball, 6, EV 83.1 MPH)
Bottom of the 7th over - 1 run, 2 hits, 0 errors, 1 left on base; Casper 5 - St. Petersburg 1
TOP OF THE 8TH
Casper Ghosts batting - Pitching for St. Petersburg Thunder : RHP Antony Durney
Batting: RHB Tony Wood 0-0: Fly out, F7 (Flyball, 7S, EV 82.5 MPH)
Batting: RHB Teok-kyu Pak 0-0: Called Strike
0-1: Ball
1-1: Fly out, F7 (Flyball, 7LMF, EV 88.8 MPH)
Batting: LHB General Booty 0-0: SINGLE (Line Drive, 34, EV 96.2 MPH)
Batting: RHB Thinley Tshering 0-0: SINGLE (Groundball, 4MD, EV 94.4 MPH)
General Booty to second
Runner from 2nd tries for 3rd, SAFE, no throw by CF
Batting: RHB Joe Havermeyer 0-0: Ball
1-0: Called Strike
1-1: Ground out 4-3 (Groundball, 4, EV 86.2 MPH)
Top of the 8th over - 0 runs, 2 hits, 0 errors, 2 left on base; Casper 5 - St. Petersburg 1
BOTTOM OF THE 8TH
St. Petersburg Thunder batting - Pitching for Casper Ghosts : LHP Bryan Workman
Batting: LHB Lorenzo Ortíz 0-0: Ground out 1-3 (Groundball, P, EV 84.4 MPH)
Batting: RHB Alfred Coleman 0-0: Called Strike
0-1: Fly out, F8 (Flyball, 8RM, EV 95.6 MPH)
Batting: RHB Gene Blanton 0-0: Foul Ball, location: 2F
0-1: Ground out 4-3 (Groundball, 4, EV 79.4 MPH)
Bottom of the 8th over - 0 runs, 0 hits, 0 errors, 0 left on base; Casper 5 - St. Petersburg 1
TOP OF THE 9TH
Casper Ghosts batting - Pitching for St. Petersburg Thunder : RHP Antony Durney
Pitching: LHP Gabriel Leeds
Batting: RHB Izaak Gerkis 0-0: Ball
1-0: Ball
2-0: Fly out, F8 (Flyball, 8RM, EV 97.5 MPH)
Batting: RHB Ramiro Castillo 0-0: Ball
1-0: Ball
2-0: Swinging Strike
2-1: Ball
3-1: Called Strike
3-2: Strikes out swinging
Batting: RHB Bill Wells 0-0: Foul Ball, location: 2F
0-1: Ground out 6-3 (Groundball, 6, EV 85.0 MPH)
Top of the 9th over - 0 runs, 0 hits, 0 errors, 0 left on base; Casper 5 - St. Petersburg 1
BOTTOM OF THE 9TH
St. Petersburg Thunder batting - Pitching for Casper Ghosts : LHP Bryan Workman
Batting: LHB Caspar Fewings 0-0: Called Strike
0-1: Ball
1-1: Called Strike
1-2: Ball
2-2: Ball
3-2: SINGLE (Flyball, 7S, EV 91.2 MPH)
Pitching: RHP Foster Lang
Batting: SHB Fernando Urby 0-0: Fly out, F6 (Line Drive, 6, EV 70.0 MPH)
Batting: RHB Patrício Gerardes 0-0: Ball
1-0: Ball
2-0: Ball
Passed Ball!
Caspar Fewings to second
3-0: Base on Balls
Pitching: RHP Eric Blevins
Batting: SHB Leonard Davis 0-0: Ball
1-0: Ball
2-0: Grounds into double play, 4-6-3 (Groundball, 4, EV 97.5 MPH)
Bottom of the 9th over - 0 runs, 1 hit, 0 errors, 1 left on base; Casper 5 - St. Petersburg 1
Friday, March 26th, 2021 - OOTP Baseball 20.8 Build 74